 Dungeon Crawl Stone Soup version 0.23.2-11-gf996548c65 (webtiles) character file.

Game seed: 11296800692980239585

7631 MalarOregon the Covert (level 11, -2/99 HPs)
             Began as a Ghoul Enchanter on June 6, 2019.
             Was an Elder of Makhleb.
             Slain by Harold
             ... wielding a cursed -1 mace
              (12 damage)
             ... on level 9 of the Dungeon.
             The game lasted 00:36:38 (11806 turns).

MalarOregon the Covert (Ghoul Enchanter)           Turns: 11806, Time: 00:36:39

Health: -2/99      AC:  6    Str: 15    XL:     11   Next: 18%
Magic:  1/16       EV: 14    Int: 11    God:    Makhleb [****..]
Gold:   268        SH:  2    Dex: 11    Spells: 6/18 levels left

rFire    . . .     SeeInvis .   a - +1 dagger (flame)
rCold    + . .     Gourm    .   (no shield)
rNeg     + + +     Faith    .   H - +2 robe {rN+}
rPois    ∞         Spirit   .   (no helmet)
rElec    .         Reflect  +   K - +1 cloak
rCorr    .         Harm     .   (no gloves)
MR       .....                  (no boots)
Stlth    ++++++....             G - +2 amulet of reflection
HPRegen  0.00/turn              k - ring of stealth
MPRegen  0.15/turn              B - +2 ring of strength

@: marked, very slightly contaminated, rotting, invisible
A: rotting body, claws 1, carnivore, cold resistance 1, negative energy
resistance 3, inhibited regeneration, torment resistance, unbreathing
a: Minor Destruction, Lesser Servant of Makhleb, Major Destruction, Renounce
Religion


You were on level 9 of the Dungeon.
You worshipped Makhleb.
Makhleb was greatly pleased with you.
You were not hungry.

You visited 2 branches of the dungeon, and saw 10 of its levels.

You collected 473 gold pieces.
You spent 205 gold pieces at shops.

Inventory:

Hand Weapons
 a - a +1 dagger of flaming (weapon)
   (You took it off a kobold on level 2 of the Dungeon)
 c - a +5 long sword
   (You found it on level 7 of the Dungeon)
 j - a +1 short sword of venom
   (You took it off a kobold on level 2 of the Dungeon)
 l - a +2 falchion of flaming
   (You took it off a big kobold on level 8 of the Dungeon)
Missiles
 g - 10 needles of sleeping
Armour
 H - a +2 robe of positive energy (worn)
   (You took it off Blork the orc on level 6 of the Dungeon)
 J - a +2 cloak of invisibility
   (You took it off Maurice on level 8 of the Dungeon)
 K - a +1 cloak (worn)
   (You found it on level 8 of the Dungeon)
 N - a cursed +0 buckler
   (You found it on level 2 of the Dungeon)
Magical Staves
 y - an uncursed staff of fire
   (You found it on level 4 of the Dungeon)
Jewellery
 k - a ring of stealth (left claw)
   (You found it on level 2 of the Dungeon)
 o - an uncursed ring of protection from cold
   (You found it on level 8 of the Dungeon)
 B - a +2 ring of strength (right claw)
   (You found it on level 3 of the Dungeon)
 F - an uncursed ring of fire
   (You found it on level 5 of the Dungeon)
 G - a +2 amulet of reflection (around neck)
   (You found it on level 5 of the Dungeon)
 I - an uncursed ring of flight
   (You found it on level 6 of the Dungeon)
 P - a cursed amulet of inaccuracy {unknown}
   (You found it on level 8 of the Dungeon)
Wands
 t - a wand of flame (22)
   (You found it on level 3 of the Dungeon)
 u - a wand of paralysis (17)
   (You took it off Maurice on level 8 of the Dungeon)
 v - a wand of digging (3)
   (You bought it in a shop on level 6 of the Dungeon)
Scrolls
 b - 2 scrolls of amnesia {unknown}
 d - 3 scrolls of teleportation {@r4}
 q - 3 scrolls of remove curse {@r2}
 r - a scroll of random uselessness {unknown}
 z - 3 scrolls of enchant armour
 A - a scroll of enchant weapon {unknown}
 C - a scroll of noise {unknown}
 E - a scroll of fog {unknown}
 L - a scroll of magic mapping {unknown}
 M - a scroll of immolation {unknown}
 O - a scroll of identify {@r1}
Potions
 f - a potion of resistance {unknown}
 h - a potion of brilliance {unknown}
 i - 2 potions of magic {unknown}
 m - 2 potions of haste {@q3}
 n - a potion of heal wounds {unknown}
 p - a potion of invisibility
 s - 3 potions of agility
 w - a potion of flight {unknown}
 x - 4 potions of curing {@q1}
 D - a potion of berserk rage {unknown}
 Q - a potion of ambrosia {unknown}
Comestibles
 e - 18 rations {!d}
 R - 5 chunks of flesh


   Skills:
 - Level 10.0 Fighting
 - Level 6.0 Short Blades
 - Level 6.0 Dodging
 + Level 11.4 Stealth
 - Level 4.0 Spellcasting
 - Level 4.0 Hexes


You had 6 spell levels left.
You knew the following spells:

 Your Spells              Type           Power        Failure   Level  Hunger
a - Corona                Hex            ##.....      4%          1    #......
c - Confuse               Hex            ##......     14%         3    ###....
d - Tukima's Dance        Hex            ##......     14%         3    ###....
s - Dazzling Spray        Conj/Hex       #.....       30%         3    ###....
x - Ensorcelled Hibernat  Hex/Ice        #.....       16%         2    ##.....

Your spell library contained the following spells:

 Spells                   Type           Power        Failure   Level  Hunger
 Infusion                 Chrm           #...         24%         1    #......
 Spectral Weapon          Hex/Chrm       #.......     30%         3    ###....
 Shroud of Golubria       Chrm/Tloc      #.........   34%         2    ##.....
 Song of Slaying          Chrm           #.......     34%         2    ##.....
 Regeneration             Chrm/Necr      #.........   56%         3    ###....


Dungeon Overview and Level Annotations

Branches:
Dungeon (9/15)             Temple (1/1) D:5
   Lair: D:8-11         Orc: D:9-12

Altars:
Ashenzari
Cheibriados
Dithmenos
Elyvilon
Fedhas
Gozag
Hepliaklqana
Kikubaaqudgha
Makhleb
Nemelex Xobeh
Okawaru
Qazlal
Ru
Sif Muna
Trog
Vehumet
Wu Jian
Xom
Yredelemnul
Zin
The Shining One

Shops:
D:6 **

Annotations:
D:9 Harold


Innate Abilities, Weirdness & Mutations

Your body is rotting away.
You thrive on raw meat.
You are immune to poison.
You have sharp fingernails.
You are carnivorous and can eat meat at any time.
Your flesh is cold resistant. (rC+)
You are immune to negative energy. (rN+++)
You do not regenerate when monsters are visible.
You are immune to unholy pain and torment.
You can survive without breathing.


Message History

Harold resists with almost no effort.
Harold hits you with a cursed -1 mace!
Aim: Harold, wielding a -1 mace and wearing a +0 chain mail (chance to defeat MR: 11%)
You miscast Ensorcelled Hibernation.
You are very lightly contaminated with residual magic.
Your claws glow momentarily.
Aim: Harold, wielding a -1 mace and wearing a +0 chain mail (chance to defeat MR: 11%) Harold resists with almost no effort.
Harold hits you with a cursed -1 mace!
* * * LOW HITPOINT WARNING * * *
You don't have enough magic to cast that spell.
Wield which item (- for none, * to show all)? (? for menu, Esc to quit)
Your +1 dagger of flaming stops flaming.
Your +1 short sword of venom begins to drip with poison!
j - a +1 short sword of venom (weapon)
Harold closely misses you.
You hit Harold but do no damage.
Harold is poisoned.
You hit Harold but do no damage.
Harold looks as sick as possible!
Harold hits you with a cursed -1 mace.
* * * LOW HITPOINT WARNING * * *
You hit Harold.
Harold looks as sick as possible!
A hound comes into view.
Harold points at you and mumbles some strange words.
You barely resist. You hit Harold but do no damage.
Harold looks as sick as possible!
Unknown command.
Wield which item (- for none, * to show all)? (? for menu, Esc to quit)
Your +1 short sword of venom stops dripping with poison.
c - a +5 long sword (weapon)
Harold hits you with a cursed -1 mace.
* * * LOW HITPOINT WARNING * * *
You hit Harold but do no damage. Harold hits you but does no damage.
Aim: Harold, wielding a -1 mace and wearing a +0 chain mail (lightly wounded, poisoned, chance to defeat MR: 11%) Harold resists with almost no effort.
Harold hits you with a cursed -1 mace!!
* * * LOW HITPOINT WARNING * * *
You hit Harold. The hound bites you but does no damage. Harold misses you.
You fade into invisibility!
The hound closely misses you.
You riposte.
You slash the hound! The hound misses you.
You riposte.
You slash the hound!
You kill the hound!
Makhleb accepts your kill. Harold hits you with a cursed -1 mace.
* * * LOW HITPOINT WARNING * * *
You hit Harold but do no damage. Harold hits you but does no damage.
You catch the helpless Harold completely off-guard!
You hit Harold. Harold hits you with a cursed -1 mace.
* * * LOW HITPOINT WARNING * * *
Wield which item (- for none, * to show all)? (? for menu, Esc to quit)
Your +1 dagger of flaming bursts into flame!
a - a +1 dagger of flaming (weapon)
You hit Harold but do no damage. Harold hits you with a cursed -1 mace!
You die...

............#
#.....#............#
#.....#............#
#.....#............#
#.....#####..##.####
#........#..##.#...
#........#.....'...
#.†......#.....#...
#@@......#######...
#####..............
#..............
#...........###
#...........#
#...........#
#############


You could see Harold.

Vanquished Creatures
  A hydra (D:8)
  A two-headed ogre (D:9)
  Pikel (D:8)
  An orc sorcerer (D:8)
  Maurice (D:8)
  A kobold demonologist (D:8)
  Prince Ribbit (D:8)
  A hippogriff (D:8)
  2 dream sheep (D:8)
  2 yaks (D:8)
  A water moccasin (D:8)
  A sky beast (D:7)
  2 orc warriors (D:6)
  3 ice beasts
  A necrophage (D:5)
  2 ogres
  A phantom (D:4)
  5 centaurs
  3 big kobolds (D:8)
  A gnoll sergeant (D:8)
  Blork the orc (D:6)
  4 bullfrogs
  5 scorpions
  9 wights
  3 howler monkeys (D:8)
  3 crimson imps
  2 bullfrog zombies
  A jelly (D:6)
  6 hounds
  7 orc priests
  A bullfrog skeleton (D:7)
  3 orc wizards (D:6)
  An iguana (D:5)
  6 worker ants
  A killer bee zombie (D:8)
  A hound skeleton (D:6)
  A worker ant zombie (D:9)
  9 adders
  3 gnolls (D:8)
  8 shadow imps
  An adder zombie (D:6)
  An adder skeleton (D:6)
  5 worms
  2 dart slugs
  10 leopard geckos
  28 orcs
  A ball python (D:4)
  10 bats
  9 giant cockroaches
  8 hobgoblins
  6 jackals
  6 quokkas
  6 frilled lizards
  10 goblins
  8 kobolds
  A leopard gecko skeleton (D:6)
  A quokka skeleton (D:4)
  9 rats
  A bush (D:1)
  A plant (D:1)
231 creatures vanquished.

Vanquished Creatures (collateral kills)
  3 wights
3 creatures vanquished.

Vanquished Creatures (others)
  2 slaves (D:8)
  2 dancing weapons
  A wight (D:8)
5 creatures vanquished.

Grand Total: 239 creatures vanquished

Notes
Turn   | Place    | Note
-------+----------+-------------------------------------------
     0 | D:1      | MalarOregon the Ghoul Enchanter began the quest for the
                  | Orb.
     0 | D:1      | Reached XP level 1. HP: 14/14 MP: 2/2
  1346 | D:1      | Reached skill level 1 in Short Blades
  1473 | D:1      | Reached XP level 2. HP: 18/18 MP: 0/3
  1514 | D:1      | Learned a level 2 spell: Ensorcelled Hibernation
  1911 | D:1      | Reached XP level 3. HP: 23/27 MP: 5/5
  2275 | D:1      | You fall through a shaft!
  2299 | D:2      | Reached skill level 1 in Fighting
  2686 | D:2      | Found a faded altar of an unknown god.
  3357 | D:2      | Reached XP level 4. HP: 35/35 MP: 6/6
  3364 | D:2      | Learned a level 3 spell: Tukima's Dance
  3811 | D:3      | Reached skill level 4 in Stealth
  3811 | D:3      | Reached XP level 5. HP: 30/40 MP: 4/7
  4303 | D:3      | Found a shimmering altar of Xom.
  4303 | D:3      | Found a burning altar of Makhleb.
  4311 | D:3      | Became a worshipper of Makhleb the Destroyer
  4395 | D:3      | Reached XP level 6. HP: 18/48 MP: 5/9
  4539 | D:3      | Learned a level 3 spell: Confuse
  4638 | D:4      | Found a basalt altar of Yredelemnul.
  4643 | D:4      | Noticed a profane servitor
  4769 | D:3      | Reached * piety under Makhleb
  4887 | D:4      | Reached XP level 7. HP: 53/56 MP: 10/10
  5208 | D:4      | Found a glowing golden altar of the Shining One.
  5210 | D:4      | Noticed an angel
  5258 | D:5      | Entered Level 5 of the Dungeon
  5273 | D:5      | Found a snail-covered altar of Cheibriados.
  5324 | D:5      | Found a white marble altar of Elyvilon.
  5347 | D:5      | Reached skill level 5 in Stealth
  5663 | D:5      | Found a burning altar of Makhleb.
  5734 | D:5      | Found a sparkling altar of Nemelex Xobeh.
  5734 | D:5      | Found a faded altar of an unknown god.
  5739 | D:5      | Found a shattered altar of Ashenzari.
  5741 | D:5      | Found a radiant altar of Vehumet.
  5742 | D:5      | Found a blossoming altar of Fedhas.
  5773 | D:5      | Found a staircase to the Ecumenical Temple.
  5846 | D:5      | Reached XP level 8. HP: 64/64 MP: 12/12
  6021 | Temple   | Entered the Ecumenical Temple
  6127 | D:6      | Noticed Blork the orc
  6135 | D:6      | Killed Blork the orc
  6320 | D:6      | Found Kaiph's Assorted Antiques.
  6332 | D:6      | Bought a silvery potion for 23 gold pieces
  6332 | D:6      | Bought a scroll of teleportation for 78 gold pieces
  6334 | D:6      | Found Satakipn's Elemental Accessories.
  6580 | D:6      | Reached skill level 6 in Stealth
  6583 | D:6      | Reached ** piety under Makhleb
  7019 | D:6      | Found a shadowy altar of Dithmenos.
  7069 | D:6      | Reached skill level 5 in Fighting
  7069 | D:6      | Reached XP level 9. HP: 18/74 MP: 14/14
  7575 | D:6      | Found a shadowy altar of Dithmenos.
  7642 | D:6      | Found Satakipn's Elemental Accessories.
  7649 | D:6      | Found Kaiph's Assorted Antiques.
  8507 | D:7      | Reached skill level 7 in Stealth
  8511 | D:7      | Reached skill level 5 in Dodging
  8963 | D:7      | Reached skill level 5 in Short Blades
  9177 | D:6      | Bought a runed lead wand for 104 gold pieces
  9365 | D:8      | Noticed Maurice
  9381 | D:8      | Killed Maurice
  9510 | D:8      | Reached *** piety under Makhleb
  9699 | D:8      | Reached skill level 8 in Stealth
  9901 | D:8      | Noticed Prince Ribbit
  9918 | D:8      | Reached XP level 10. HP: 39/83 MP: 15/15
  9955 | D:8      | Killed Prince Ribbit
  9963 | D:8      | Noticed Pikel
  9973 | D:8      | Killed Pikel
  9973 | D:8      | Reached skill level 9 in Stealth
 10032 | D:8      | Found a transporter.
 10034 | D:8      | Noticed a kobold demonologist
 10035 | D:8      | Noticed an orc sorcerer
 10063 | D:8      | Found a transporter.
 11042 | D:8      | Reached skill level 10 in Stealth
 11156 | D:8      | Noticed a three-headed hydra
 11165 | D:8      | Killed a one-headed hydra
 11392 | D:8      | Noticed a rust devil
 11392 | D:8      | Killed a kobold demonologist
 11392 | D:8      | Reached XP level 11. HP: 96/96 MP: 12/16
 11501 | D:8      | Killed an orc sorcerer
 11501 | D:8      | Reached skill level 11 in Stealth
 11697 | D:9      | Noticed a two-headed ogre
 11699 | D:9      | Killed a two-headed ogre
 11699 | D:9      | Reached **** piety under Makhleb
 11699 | D:9      | Reached skill level 10 in Fighting
 11767 | D:9      | Learned a level 3 spell: Dazzling Spray
 11775 | D:9      | Noticed Harold
 11806 | D:9      | Slain by Harold

Skill      XL: |  1  2  3  4  5  6  7  8  9 10 11 |
---------------+----------------------------------+-----
Short Blades   | 1 2 3 4 5 6 |  6.0
Spellcasting   | 2 3 4 |  4.0
Dodging        | 2 3 4 6 |  6.0
Fighting       | 1 2 3 5 6 9 10 | 10.0
Stealth        | 4 5 6 8 10 11 | 11.4
Hexes          | 3 4 |  4.0

Action                   |  1- 3 |  4- 6 |  7- 9 | 10-12 || total
-------------------------+-------+-------+-------+-------++-------
Melee: Dagger            |   126 |       |   120 |    32 ||   278
       Short sword       |   100 |   195 |   327 |   128 ||   750
       Long sword        |       |       |    17 |    20 ||    37
       Falchion          |       |       |       |     4 ||     4
 Cast: Corona            |    12 |       |     4 |       ||    16
       Ensorcelled Hiber |     6 |    12 |    17 |    27 ||    62
       Confuse           |       |       |    13 |    12 ||    25
       Tukima's Dance    |       |       |    10 |     2 ||    12
Evoke: Wand              |       |       |       |     9 ||     9
  Use: Scroll            |     1 |       |     8 |       ||     9
       Potion            |       |       |       |     2 ||     2
 Stab: Sleeping          |    12 |    15 |    19 |     9 ||    55
       Distracted        |       |     2 |       |       ||     2
       Confused          |       |       |     6 |     1 ||     7
       Invisible         |       |       |       |     1 ||     1
  Eat: Chunk             |    13 |     9 |    24 |    17 ||    63
Armor: Robe              |    30 |    16 |    54 |    35 ||   135
Dodge: Dodged            |   106 |   126 |   260 |   100 ||   592
Block: Other             |       |       |    11 |    15 ||    26
       Reflection        |       |       |       |     1 ||     1
       Rpst.: Long sword |       |       |     4 |     7 ||    11
